 Dungeon Crawl Stone Soup version 0.29.0-4-gdea44cf6ec (webtiles) character file.

Game seed: 8938826798768697295

894 GigaChad the Slasher (level 7, -2/56 HPs)
             Began as a Minotaur Chaos Knight on Aug 26, 2022.
             Was a Plaything of Xom.
             Slain by a steam dragon (4 damage)
             ... on level 5 of the Dungeon.
             The game lasted 00:10:55 (4609 turns).

GigaChad the Slasher (Minotaur Chaos Knight)        Turns: 4609, Time: 00:10:56

Health: -2/56      AC: 12    Str: 19      XL:     7   Next: 78%
Magic:  6/6        EV:  8    Int:  8 (9)  God:    Xom [*.....]
Gold:   280        SH:  0    Dex:  7      Spells: 6/6 levels left

rFire   . . .      SeeInvis .   a - +0 falchion (chaos)
rCold   . . .      Faith    .   (no shield)
rNeg    . . .      Spirit   .   d - +2 chain mail
rPois   .          Reflect  .   (helmet restricted)
rElec   .          Harm     .   (no cloak)
rCorr   .          Rampage  .   (no gloves)
Will    .....                   (no boots)
Stlth   ..........              (no amulet)
HPRegen 0.18/turn               (no ring)
MPRegen 0.10/turn               (no ring)

@: no status effects
A: horns 2, retaliatory headbutt, clumsy 1, frail 1, screaming 1
a: Renounce Religion


You were on level 5 of the Dungeon.
You worshipped Xom.
You were a special plaything of Xom.
You visited 2 branches of the dungeon, and saw 6 of its levels.

You collected 280 gold pieces.

Inventory:

Hand Weapons
 a - a +0 falchion of chaos (weapon)
 h - a +3 hand axe
Armour
 b - a +2 leather armour
 d - a +2 chain mail (worn)
Jewellery
 t - a ring of ice
Wands
 k - a wand of polymorph (11)
Scrolls
 f - 3 scrolls of noise {unknown}
 n - 2 scrolls of immolation
 q - a scroll of poison
 r - a scroll of summoning
 s - a scroll of butterflies
Potions
 e - 5 potions of might {unknown}
 g - 7 potions of curing {unknown}
 i - 2 potions of degeneration {unknown}
 j - a potion of attraction {unknown}
 l - 2 potions of heal wounds {unknown}
 m - a potion of magic {unknown}
 p - a potion of lignification {unknown}
 u - a potion of resistance {unknown}
Miscellaneous
 c - a piece from Xom's chessboard (15/15) (quivered)


   Skills:
 + Level 6.0 Fighting
 + Level 7.2 Long Blades
 + Level 6.4 Armour
 + Level 2.1 Dodging
 + Level 2.2 Stealth


You had 6 spell levels left.
You didn't know any spells.
Your spell library contained the following spells:

 Spells                   Type           Power      Damage    Failure   Level
 Static Discharge         Conj/Air       0%         3-3/arc   99%         2
 Dispel Undead            Necr           0%         3d6       100%        4
 Sticky Flame             Conj/Fire      0%         2d3       100%        4


Dungeon Overview and Level Annotations

Branches:
Dungeon (5/15)             Temple (1/1) D:5

Altars:
Cheibriados
Dithmenos
Elyvilon
Gozag
Hepliaklqana
Kikubaaqudgha
Makhleb
Nemelex Xobeh
Okawaru
Qazlal
Ru
Sif Muna
Trog
Uskayaw
Vehumet
Wu Jian
Xom
Yredelemnul
Zin
The Shining One

Shops:
D:1 *

Annotations:
D:4 turdburglar's ghost, amateur PaFi


Innate Abilities, Weirdness & Mutations

You have a pair of horns on your head.
You reflexively headbutt those who attack you in melee.
You are clumsy. (Dex -2)
You are frail. (-10% HP)
You occasionally shout uncontrollably at your foes.


Message History

The steam dragon claws you but does no damage.
You barely miss the steam dragon.
The steam dragon is lightly wounded.
You are engulfed in a cloud of scalding steam.
The steam dragon bites you! The steam dragon barely misses you.
The steam dragon bites you.
The steam dragon claws you but does no damage.
You hit the steam dragon.
The steam dragon is moderately wounded.
You are engulfed in a cloud of scalding steam.
The fungus is engulfed in a cloud of scalding steam. x2
The fungus begins to die.
The steam dragon bites you.
* * * LOW HITPOINT WARNING * * *
The steam dragon claws you.
* * * LOW HITPOINT WARNING * * *
The steam dragon bites you.
* * * LOW HITPOINT WARNING * * *
The steam dragon claws you.
* * * LOW HITPOINT WARNING * * *
You closely miss the steam dragon.
The steam dragon is moderately wounded.
A nearby fungus withers and dies.
The steam dragon completely misses you. You furiously retaliate!
You headbutt the steam dragon! The steam dragon claws you.
* * * LOW HITPOINT WARNING * * *
The steam dragon bites you.
* * * LOW HITPOINT WARNING * * *
The steam dragon claws you but does no damage.
You barely miss the steam dragon.
The steam dragon is heavily wounded.
The steam dragon bites you but does no damage.
The steam dragon barely misses you.
The steam dragon bites you but does no damage.
The steam dragon claws you but does no damage.
You closely miss the steam dragon. You headbutt the steam dragon.
The steam dragon is severely wounded.
A nearby fungus withers and dies.
The steam dragon closely misses you. The steam dragon claws you.
You die...
Xom is highly amused!

##P..# #..^ #..~## #....# #~.~~##
##^...≈# #....~≈# #^~..D.#
#....@.# #....D.# #. #.....## #.
#####.# # # #. ##'## .#. ###.###
##...## #.# ##.....# ##.....##
####.# ###....#.# ##.......##
##.##.#
#........###....§....####...#.###


You could see 2 steam dragons.

Vanquished Creatures
  A human (shapeshifter) (D:2)
  A black bear (D:5)
  2 phantoms
  A scorpion (D:5)
  2 necrophages (D:4)
  A howler monkey (D:5)
  A hound (D:5)
  3 iguanas
  2 orc wizards (D:3)
  5 adders
  An ufetubus (D:5)
  A worm (D:4)
  4 dart slugs
  2 orcs
  7 endoplasms
  3 giant cockroaches
  2 goblins (D:1)
  7 hobgoblins
  7 jackals
  5 kobolds
  4 quokkas
  10 ball pythons
  5 bats
  3 rats
80 creatures vanquished.

Vanquished Creatures (others)
  19 fungi (D:5)
19 creatures vanquished.

Grand Total: 99 creatures vanquished

Notes
Turn   | Place    | Note
-------+----------+-------------------------------------------
     0 | D:1      | GigaChad the Minotaur Chaos Knight began the quest for the
                  | Orb.
     0 | D:1      | Reached XP level 1. HP: 19/19 MP: 0/0
    51 | D:1      | Reached XP level 2. HP: 27/27 MP: 1/1
   104 | D:1      | Reached skill level 4 in Long Blades
   151 | D:1      | Found a faded altar of an unknown god.
   346 | D:1      | Found Poytzyurch's Assorted Antiques.
   350 | D:1      | XOM: potion effect (heal wounds)
   540 | D:1      | Reached XP level 3. HP: 25/34 MP: 2/2
   558 | D:1      | You fall into a shaft and drop 1 floor!
   578 | D:2      | Noticed a shapeshifter
   578 | D:2      | an endoplasm changed into a shapeshifter
   578 | D:2      | Noticed a troll
   578 | D:2      | a shapeshifter changed into a troll
   580 | D:2      | Noticed a golden eye
   585 | D:2      | Noticed a human
   585 | D:2      | a golden eye changed into a human
   590 | D:2      | XOM: potion effect (curing)
   599 | D:2      | XOM: potion effect (invisibility)
   600 | D:2      | Killed a human
   601 | D:2      | Reached skill level 5 in Fighting
   601 | D:2      | Reached skill level 5 in Long Blades
   601 | D:2      | Reached XP level 4. HP: 5/42 MP: 3/3
   601 | D:2      | Reached XP level 5. HP: 6/48 MP: 4/4
   641 | D:2      | XOM: divination: detect items
   935 | D:2      | XOM: 2-stop teleportation journey
  1032 | D:2      | Found an opulent altar of Gozag.
  1169 | D:2      | XOM: noise
  1548 | D:3      | XOM: silly message
  1635 | D:3      | XOM: silly message
  1694 | D:3      | XOM: enchant monster (bad)
  1755 | D:3      | XOM: divination: magic mapping
  1774 | D:3      | XOM: divination: detect items
  2243 | D:3      | XOM: silly message
  2404 | D:3      | XOM: silly message
  2566 | D:4      | Found a sparkling altar of Nemelex Xobeh.
  2595 | D:4      | XOM: silly message
  2597 | D:4      | XOM: potion effect (might)
  2600 | D:4      | Reached skill level 6 in Long Blades
  2600 | D:4      | Reached XP level 6. HP: 56/56 MP: 5/5
  2620 | D:4      | Found an ornate altar of the Wu Jian Council.
  2666 | D:4      | XOM: enchant monster (bad)
  2702 | D:4      | Found a large runed translucent door.
  2703 | D:4      | Found a large runed translucent door.
  2706 | D:4      | Noticed turdburglar's ghost (amateur PaFi)
  2712 | D:4      | XOM: 1-stop teleportation journey
  2791 | D:4      | Reached skill level 1 in Stealth
  2791 | D:4      | Reached XP level 7. HP: 62/62 MP: 6/6
  2860 | D:4      | Found an opulent altar of Gozag.
  2941 | D:4      | Reached skill level 5 in Armour
  2987 | D:4      | XOM: give mutations
  2987 | D:4      | Gained mutation: You occasionally lose the ability to drink
                  | potions when taking damage. [Xom's mischief]
  2987 | D:4      | Gained mutation: You are clumsy. (Dex -2) [Xom's mischief]
  2987 | D:4      | Lost mutation: You occasionally lose the ability to drink
                  | potions when taking damage. [Xom's mischief]
  2987 | D:4      | Gained mutation: You occasionally shout uncontrollably at
                  | your foes. [Xom's mischief]
  3065 | D:5      | Entered Level 5 of the Dungeon
  3450 | D:5      | Noticed a steam dragon
  3450 | D:5      | Noticed a steam dragon
  3450 | D:5      | XOM: 1-stop teleportation journey
  3451 | D:5      | XOM: cleaving
  3496 | D:5      | XOM: cloud trail
  3576 | D:5      | XOM: god gift: 17 gold pieces
  3639 | D:5      | Found a staircase to the Ecumenical Temple.
  3670 | D:5      | XOM: swap monsters
  3674 | D:5      | Reached skill level 7 in Long Blades
  3697 | Temple   | Entered the Ecumenical Temple
  4281 | D:5      | XOM: stat loss: -1 Int (8/9)
  4572 | D:5      | XOM: give mutation
  4572 | D:5      | Gained mutation: You are frail. (-10% HP) [Xom's mischief]
  4607 | D:5      | HP: 1/56 [steam dragon (5)]
  4609 | D:5      | Slain by a steam dragon

Illustrated notes

Levels and vault maps discovered:
D:1:      dpeg_arrival_shrine, layout_rooms, serial_shops, shop,
          hellmonk_ecumenical_altar_dog_temple
D:2:      layout_rooms, basic_altar, st_stairs_8
D:3:      layout_basic, corexii_corridor_pit
D:4:      layout_cave_pools, lemuel_round_altar,
          mainiacjoe_overflow_small_starburst, mainiacjoe_overflow_tiny_flanked,
          ebering_ghost_disaster_area, serial_rivers,
          chequers_serial_rivers_marsh, chequers_serial_rivers_room_b,
          chequers_serial_rivers_room_a, chequers_serial_rivers_micro_b,
          serial_bayou_lake_a
D:5:      kennysheep_steamy, layout_loops_corners, temple_pool_b
Temple:   minmay_temple_bridge_d

Skill      XL: |  1  2  3  4  5  6  7 |
---------------+----------------------+-----
Fighting       | 4 5 6 |  6.0
Long Blades    | 4 5 6 7 |  7.2
Armour         | 3 4 6 |  6.4
Stealth        | 1 2 |  2.2
Dodging        | 2 |  2.1

Action                   |  1- 3 |  4- 6 |  7- 9 || total
-------------------------+-------+-------+-------++-------
Melee: Falchion          |    59 |   120 |    68 ||   247
       Headbutt          |    10 |    21 |    19 ||    50
       Punch             |     1 |     1 |     2 ||     4
  Use: Scroll            |       |     8 |     4 ||    12
 Stab: Paralysed         |     1 |     5 |       ||     6
Armor: Leather armour    |     5 |       |       ||     5
       Chain mail        |    67 |   115 |    57 ||   239
Dodge: Dodged            |    37 |    54 |    43 ||   134
